AoeStats
← KahTuc

Arabia

510263955Analyzed
1v1 RM · 15h ago on Sep 30, 2026· 34m 9s· 2 players
Game mode
Random Map
Map size
Tiny (2 player)
Population
200
Speed
Normal
Resources
Standard
Victory
Conquest
Starting age
Dark Age
Ending age
Imperial Age
RankedLock teamsTeams togetherTeam positionsShared explorationLock speedFull tech treeHidden civsTurbo modeCheats
Victory
Defeat
🇺🇸 Saxons · United States
1171
+17
🇹🇼 Romans · Taiwan
1189
-17
KahTuc
6:13 Loom
9:36 Feudal Age
9:49 Man-at-Arms
lestear
7:00 Loom
10:13 Feudal Age
10:19 Man-at-Arms
11:57 Double-Bit Axe
14:24 Scale Mail Armor
15:14 Forging
19:10 Gold Mining
26:40 Horse Collar
31:25 Town Watch
Connection lost

Rejoining the realm…

Still unreachable

The connection could not be restored.

Session expired

The server has moved on; the page needs a fresh start.